 Dungeon Crawl Stone Soup version 0.23.1 (webtiles) character file.

Game seed: 5575623667501030632

29 Borgoz the Sneak (level 3, 0/27 (28) HPs)
             Began as a Ghoul Enchanter on Mar 3, 2019.
             Slain by an adder (1 damage)
             ... on level 2 of the Dungeon.
             The game lasted 00:01:58 (1583 turns).

Borgoz the Sneak (Ghoul Enchanter)                  Turns: 1583, Time: 00:01:58

HP:   0/27 (28)     AC:  8    Str: 11    XL:     3   Next: 16%
MP:   4/4           EV:  5    Int: 10    God:
Gold: 51            SH:  0    Dex: 10    Spells: 4/5 levels left

rFire    . . .     SeeInvis .   o - +0 rapier
rCold    + . .     Gourm    .   (no shield)
rNeg     + + +     Faith    .   n - +0 chain mail (curse)
rPois    ∞         Spirit   .   (no helmet)
rElec    .         Reflect  .   (no cloak)
rCorr    .         Harm     .   (no gloves)
MR       .....                  (no boots)
Stlth    ..........             (no amulet)
HPRegen  0.00/turn              (no ring)
MPRegen  0.09/turn              (no ring)

@: rotting
A: rotting body, claws 1, carnivore, cold resistance 1, negative energy
resistance 3, inhibited regeneration, torment resistance, unbreathing
a: no special abilities


You were on level 2 of the Dungeon.
You were not hungry.

You visited 1 branch of the dungeon, and saw 2 of its levels.

You collected 51 gold pieces.

Inventory:

Hand Weapons
 a - a +1 dagger
 o - a +0 rapier (weapon)
Missiles
 m - 13 poisoned needles
Armour
 b - a +0 ring mail
 n - a cursed +0 chain mail (worn)
Scrolls
 e - a scroll of immolation {unknown}
 f - a scroll of teleportation {unknown}
 g - 4 scrolls of remove curse {unknown}
 i - a scroll of blinking {unknown}
 l - 2 scrolls of identify {unknown}
Potions
 c - a potion of lignification {unknown}
 h - 2 potions of cancellation {unknown}
 j - a potion of ambrosia {unknown}
Comestibles
 d - 5 rations
 k - 7 chunks of flesh


   Skills:
 + Level 1.1 Fighting
 * Level 1.6 Short Blades
 + Level 0.7 Armour
 * Level 2.2 Dodging
 - Level 3.2 Stealth
 - Level 1.7 Spellcasting
 - Level 2.4 Hexes


You had 4 spell levels left.
You knew the following spells:

 Your Spells              Type           Power        Failure   Level  Hunger
a - Corona                Hex            #......      100%        1    ##.....

Your spell library contained the following spells:

 Spells                   Type           Power        Failure   Level  Hunger
 Ensorcelled Hibernation  Hex/Ice        #.....       100%        2    ###....
 Confuse                  Hex            #.......     100%        3    ####...
 Dazzling Spray           Conj/Hex       #.....       100%        3    ####...
 Tukima's Dance           Hex            #.......     100%        3    ####...


Dungeon Overview and Level Annotations

Branches:
Dungeon (2/15)

Altars:


Innate Abilities, Weirdness & Mutations

Your body is rotting away.
You thrive on raw meat.
You are immune to poison.
You have sharp fingernails.
You are carnivorous and can eat meat at any time.
Your flesh is cold resistant. (rC+)
You are immune to negative energy. (rN+++)
You do not regenerate when monsters are visible.
You are immune to unholy pain and torment.
You can survive without breathing.


Message History

You aren't wearing any rings or amulets.
o - a +0 rapier (weapon)
An adder comes into view.
The adder hisses angrily.
The adder bites you but does no damage. The adder barely misses you.
You miss the adder. The adder bites you.
* * * LOW HITPOINT WARNING * * *
You hit the adder.
The adder is lightly wounded.
The adder barely misses you.
Your chain mail prevents you from hitting the adder.
The adder is lightly wounded.
The adder bites you.
* * * LOW HITPOINT WARNING * * *
The adder bites you but does no damage.
You barely miss the adder.
The adder is lightly wounded.
The adder bites you.
You die...

## .#
.#####################
......w..............#
.#################.###
.# .......@S...# .#
.#####.##..## .# ...
...# ## ###. #..# #.
#..# #. ##.# #. .# #.
.#


You could see an adder.

Vanquished Creatures
  A dart slug (D:1)
  3 bats
  2 giant cockroaches
  3 goblins (D:2)
  2 hobgoblins
  3 jackals (D:2)
  2 kobolds
  A ball python (D:1)
  4 frilled lizards
  5 rats
26 creatures vanquished.

Notes
Turn   | Place    | Note
-------+----------+-------------------------------------------
     0 | D:1      | Borgoz the Ghoul Enchanter began the quest for the Orb.
     0 | D:1      | Reached XP level 1. HP: 14/14 MP: 2/2
    61 | D:1      | Reached skill level 1 in Short Blades
   324 | D:1      | Reached XP level 2. HP: 22/22 MP: 3/3
  1344 | D:2      | Reached skill level 1 in Fighting
  1367 | D:2      | Reached XP level 3. HP: 26/28 MP: 4/4
  1582 | D:2      | HP: 1/27 [adder (1)]
  1583 | D:2      | Slain by an adder

Skill      XL: |  1  2 |
---------------+-------+-----
Short Blades   | 1 |  1.6
Dodging        | 2 |  2.2
Fighting       | 1 |  1.1
Armour         | |  0.7
Stealth        | |  3.2
Spellcasting   | |  1.7
Hexes          | |  2.4

Action                   || total
-------------------------++-------
Melee: Dagger            ||   127
       Rapier            ||     4
 Stab: Sleeping          ||     3
       Distracted        ||     1
  Eat: Chunk             ||     8
Armor: Robe              ||     9
       Chain mail        ||    26
Dodge: Dodged            ||    65
